 Dungeon Crawl Stone Soup version 0.23.2-1-ga50397a6bc (webtiles) character file.

Game seed: 15343108289220032467

2764 Cykl0x the Cleaver (level 9, -2/75 HPs)
             Began as a Minotaur Fighter on Apr 17, 2019.
             Was an Initiate of Makhleb.
             Slain by an orc warrior
             ... wielding a +0 halberd
              (13 damage)
             ... on level 8 of the Dungeon.
             The game lasted 00:12:00 (5382 turns).

Cykl0x the Cleaver (Minotaur Fighter)               Turns: 5382, Time: 00:12:02

Health: -2/75      AC: 14    Str: 24    XL:     9   Next: 42%
Magic:  8/8        EV: 10    Int:  5    God:    Makhleb [......]
Gold:   278        SH: 13    Dex: 10    Spells: 8/8 levels left

rFire    . . .     SeeInvis .   A - +0 broad axe
rCold    . . .     Gourm    .   c - +2 shield
rNeg     . . .     Faith    .   j - +0 chain mail
rPois    .         Spirit   .   e - +2 hat
rElec    .         Reflect  .   u - +0 cloak
rCorr    .         Harm     .   (no gloves)
MR       .....                  v - +0 pair of boots
Stlth    ..........             (no amulet)
HPRegen  0.22/turn              h - +5 ring of slaying
MPRegen  0.11/turn              y - +2 ring of evasion

@: no status effects
A: retaliatory headbutt, horns 2
a: Renounce Religion


You were on level 8 of the Dungeon.
You worshipped Makhleb.
Makhleb was noncommittal.
You were not hungry.

You visited 2 branches of the dungeon, and saw 9 of its levels.

You collected 466 gold pieces.
You spent 188 gold pieces at shops.

Inventory:

Hand Weapons
 a - a +0 war axe
 A - a +0 broad axe (weapon)
Missiles
 p - 3 tomahawks (quivered)
Armour
 b - a +0 scale mail
 c - a +2 shield (worn)
 e - a +2 hat (worn)
 j - a +0 chain mail (worn)
 u - a +0 cloak (worn)
 v - a +0 pair of boots (worn)
Jewellery
 h - a +5 ring of slaying (left hand)
 y - a +2 ring of evasion (right hand)
 B - a +2 ring of intelligence
Wands
 r - a wand of paralysis (6)
 w - a wand of acid (25)
 z - a wand of digging (3)
Scrolls
 g - a scroll of immolation
 m - 2 scrolls of remove curse
 n - 2 scrolls of magic mapping
 o - a scroll of amnesia
 q - a scroll of fear
 s - 4 scrolls of teleportation
 D - a scroll of enchant armour
Potions
 d - 2 potions of might
 i - 2 potions of flight
 k - a potion of mutation
 l - 2 potions of lignification
 t - a potion of curing
 x - 3 potions of haste {unknown}
 C - a potion of degeneration {unknown}
Comestibles
 f - 17 rations
 E - 2 chunks of flesh


   Skills:
 + Level 6.0 Fighting
 * Level 11.1 Axes
 + Level 0.2 Throwing
 + Level 6.1 Armour
 * Level 5.0 Dodging
 + Level 1.5 Stealth
 + Level 6.7 Shields


You had 8 spell levels left.
You didn't know any spells.
Your spell library contained the following spells:

 Spells                   Type           Power        Failure   Level  Hunger
 Blink                    Tloc           N/A          100%        2    ###....
 Shroud of Golubria       Chrm/Tloc      #.........   100%        2    ###....
 Gell's Gravitas          Tloc           #.........   100%        3    ####...
 Lesser Beckoning         Tloc           #.........   100%        3    ####...
 Teleport Other           Tloc           #.......     100%        3    ####...
 Passage of Golubria      Tloc           N/A          100%        4    #####..


Dungeon Overview and Level Annotations

Branches:
Dungeon (8/15)             Temple (1/1) D:7
   Lair: D:8-11

Altars:
Ashenzari
Cheibriados
Dithmenos
Elyvilon
Fedhas
Hepliaklqana
Kikubaaqudgha
Makhleb
Nemelex Xobeh
Okawaru
Qazlal
Ru
Sif Muna
Trog
Uskayaw
Vehumet
Wu Jian
Xom
Yredelemnul
Zin
The Shining One

Shops:
D:4 *   D:7 *   D:8 :

Annotations:
D:8 Prince Ribbit


Innate Abilities, Weirdness & Mutations

You reflexively headbutt those who attack you in melee.
You have a pair of horns on your head.


Message History

The orc warrior hits you but does no damage.
You block the orc warrior's attack.
Things that are here:
a +0 short sword; an orc corpse You completely miss the orc warrior.
Your headbutt misses the orc warrior.
The orc warrior is moderately wounded.
You completely miss Prince Ribbit. Prince Ribbit closely misses you.
You block the orc warrior's attack. Prince Ribbit misses you.
You hit the orc warrior.
The orc warrior is moderately wounded.
You barely miss Prince Ribbit. Prince Ribbit closely misses you.
You furiously retaliate!
You headbutt Prince Ribbit! You block the orc warrior's attack.
You closely miss the orc warrior.
The orc warrior is moderately wounded.
You slash Prince Ribbit!
Prince Ribbit lets out a mournful croak.
You block Prince Ribbit's attack.
The orc warrior hits you with a +0 halberd!
You die...

... .. . ..##.# .#
#..#.##.# .....
#.....<. #....
.....# #...###
##...# #...#.
####....# #....
#.F@o.†.## #...#
##†##.#...# #...#
#.....#.#.# #.).#
####...)).######.##
#.#.#.....# #)# ##
#.....)##.# #)# #.
##.##..##.# #.# #.
#(....##.###.# #.
#####.)....#.# #.


You could see Prince Ribbit and an orc warrior.

Vanquished Creatures
  Grinder (D:4)
  A hippogriff (D:7)
  Eustachio (D:4)
  Duvessa (D:7)
  An ice beast (D:5)
  An ogre (D:5)
  A crocodile (D:8)
  A centaur (D:5)
  Blork the orc (D:4)
  A bullfrog (D:8)
  A water moccasin zombie (D:5)
  Dowan (D:7)
  11 killer bees
  3 howler monkeys
  3 crimson imps (D:5)
  3 hounds
  2 centaur zombies (D:6)
  6 orc priests
  Crazy Yiuf (D:4)
  2 jellies
  4 orc wizards
  An iguana (D:8)
  4 worker ants
  A hound skeleton (D:4)
  3 gnolls (D:7)
  6 adders
  2 shadow imps (D:6)
  4 adder skeletons
  3 worms
  7 leopard geckos
  19 orcs
  10 bats
  5 giant cockroaches
  5 goblins
  7 hobgoblins
  7 jackals
  5 quokkas
  A ball python (D:1)
  6 frilled lizards
  6 kobolds
  A leopard gecko skeleton (D:4)
  10 rats
160 creatures vanquished.

Notes
Turn   | Place    | Note
-------+----------+-------------------------------------------
     0 | D:1      | Cykl0x the Minotaur Fighter began the quest for the Orb.
     0 | D:1      | Reached XP level 1. HP: 19/19 MP: 0/0
   216 | D:1      | Reached XP level 2. HP: 26/27 MP: 1/1
   340 | D:1      | Reached skill level 1 in Dodging
   556 | D:2      | Reached XP level 3. HP: 30/33 MP: 2/2
   599 | D:2      | Reached skill level 3 in Axes
   606 | D:2      | Found a bloodstained altar of Trog.
   842 | D:2      | Found a faded altar of an unknown god.
  1647 | D:3      | Reached XP level 4. HP: 35/40 MP: 3/3
  2061 | D:4      | Reached skill level 4 in Axes
  2066 | D:4      | Reached XP level 5. HP: 25/46 MP: 4/4
  2084 | D:4      | Noticed Eustachio
  2323 | D:4      | Noticed Grinder
  2328 | D:4      | Killed Eustachio
  2328 | D:4      | Reached skill level 5 in Axes
  2328 | D:4      | Reached skill level 5 in Shields
  2328 | D:4      | Reached XP level 6. HP: 29/53 MP: 5/5
  2336 | D:4      | Killed Grinder
  2336 | D:4      | Reached skill level 6 in Axes
  2336 | D:4      | Reached XP level 7. HP: 25/60 MP: 6/6
  2647 | D:4      | Noticed Blork the orc
  2653 | D:4      | Killed Blork the orc
  2653 | D:4      | Reached skill level 7 in Axes
  2752 | D:4      | Found Kaclogi's General Store.
  2783 | D:4      | Bought a potion of curing for 42 gold pieces
  2783 | D:4      | Bought a potion of curing for 42 gold pieces
  2910 | D:4      | Found a runed translucent door.
  2911 | D:4      | Noticed Crazy Yiuf
  2918 | D:4      | Killed Crazy Yiuf
  2959 | D:5      | Entered Level 5 of the Dungeon
  2960 | D:5      | You fall through a shaft for 2 floors!
  2974 | D:7      | Reached skill level 5 in Armour
  2976 | D:7      | Reached skill level 5 in Fighting
  3021 | D:7      | Reached skill level 8 in Axes
  3041 | D:7      | Noticed Duvessa
  3042 | D:7      | Noticed Dowan
  3073 | D:5      | Reached XP level 8. HP: 57/68 MP: 7/7
  3212 | D:5      | Reached skill level 9 in Axes
  3291 | D:5      | Found a shimmering altar of Xom.
  3347 | D:5      | Found a bloodstained altar of Trog.
  3519 | D:5      | Found a glowing silver altar of Zin.
  3519 | D:5      | Found a glowing golden altar of the Shining One.
  3519 | D:5      | Found a white marble altar of Elyvilon.
  3927 | D:6      | Found a shadowy altar of Dithmenos.
  4404 | D:7      | Found Ideugic's Assorted Antiques.
  4409 | D:7      | Bought a broad axe for 104 gold pieces
  4467 | D:7      | Noticed a hippogriff
  4477 | D:7      | Killed a hippogriff
  4477 | D:7      | Reached skill level 10 in Axes
  4477 | D:7      | Reached XP level 9. HP: 61/74 MP: 8/8
  4478 | D:7      | Killed Dowan
  4481 | D:7      | Killed Duvessa
  4681 | D:7      | Found an ancient bone altar of Kikubaaqudgha.
  4724 | D:7      | Found a stormy altar of Qazlal.
  4734 | D:7      | Found a sacrificial altar of Ru.
  4849 | D:7      | Found a staircase to the Ecumenical Temple.
  4855 | Temple   | Entered the Ecumenical Temple
  4863 | Temple   | Became a worshipper of Makhleb the Destroyer
  4957 | D:7      | Found Aquwahuv's Distillery.
  5074 | D:8      | Found Unocuo Pepn's Book Shop.
  5198 | D:8      | Reached skill level 1 in Stealth
  5352 | D:8      | Reached skill level 11 in Axes
  5358 | D:8      | Noticed Prince Ribbit
  5371 | D:8      | Reached skill level 5 in Dodging
  5377 | D:8      | HP: 1/75 [Prince Ribbit (11)]
  5382 | D:8      | Slain by an orc warrior

Skill      XL: |  1  2  3  4  5  6  7  8  9 |
---------------+----------------------------+-----
Shields        | 4 5 6 |  6.7
Dodging        | 1 2 3 4 5 |  5.0
Armour         | 4 5 6 |  6.1
Axes           | 3 4 5 6 8 10 11 | 11.1
Fighting       | 4 5 6 |  6.0
Stealth        | 1 |  1.5
Throwing       | |  0.2

Action                   |  1- 3 |  4- 6 |  7- 9 || total
-------------------------+-------+-------+-------++-------
Melee: War axe           |   119 |    70 |   137 ||   326
       Headbutt          |    15 |    10 |    30 ||    55
       Broad axe         |       |       |    68 ||    68
Throw: Tomahawk          |     1 |     3 |       ||     4
  Use: Scroll            |     7 |       |     5 ||    12
       Potion            |       |       |     2 ||     2
  Eat: Chunk             |     3 |     1 |    11 ||    15
Armor: Scale mail        |    25 |       |       ||    25
       Chain mail        |    31 |    59 |    89 ||   179
Dodge: Dodged            |    40 |    17 |    55 ||   112
Block: Shield            |    66 |    40 |   138 ||   244
